[ AOE2 MATCH · #508367270 ]
UnrankedDravidians vs Turks
[ REPLAY ANALYSIS · EXTRACTED FROM THE RECORDED GAME ]
Feudal
7:13
Castle
11:58
Imperial
—
| APM avg | 20.3 |
| APM peak | 42 |
| eAPM avg | 12.7 |
| Villagers / military | 111 / 75 |
Focus
⚔️ 28.1% · 🌾 71.9%
Elephant Archer ×50 · Urumi Swordsman ×17 · Armored Elephant ×6 · Monk ×2
Feudal
8:13
Castle
13:23
Imperial
—
| APM avg | 30.9 |
| APM peak | 91 |
| eAPM avg | 19.3 |
| Villagers / military | 48 / 40 |
Focus
⚔️ 9.9% · 🌾 90.1%
Janissary ×21 · Spearman ×6 · Battering Ram ×6 · Monk ×4 · Mangonel ×3
Feudal
8:11
Castle
12:44
Imperial
26:52
| APM avg | 17.0 |
| APM peak | 46 |
| eAPM avg | 13.0 |
| Villagers / military | 90 / 82 |
Focus
⚔️ 32.9% · 🌾 67.1%
Berserk ×48 · Spearman ×28 · Trade Cart ×8 · Battering Ram ×5 · Monk ×1
Feudal
8:07
Castle
14:50
Imperial
34:43
| APM avg | 23.2 |
| APM peak | 46 |
| eAPM avg | 13.4 |
| Villagers / military | 85 / 172 |
Focus
⚔️ 45.4% · 🌾 54.6%
Samurai ×159 · Battering Ram ×12 · Monk ×1
Feudal
7:37
Castle
14:02
Imperial
—
| APM avg | 18.6 |
| APM peak | 51 |
| eAPM avg | 12.0 |
| Villagers / military | 103 / 39 |
Focus
⚔️ 19.2% · 🌾 80.8%
Ballista Elephant ×32 · Spearman ×7
Feudal
9:33
Castle
16:51
Imperial
—
| APM avg | 13.6 |
| APM peak | 46 |
| eAPM avg | 9.5 |
| Villagers / military | 43 / 71 |
Focus
⚔️ 38.6% · 🌾 61.4%
Knight ×54 · Battering Ram ×6 · Throwing Axeman ×5 · Petard ×3 · Monk ×2 · Mangonel ×1
Feudal
8:30
Castle
14:16
Imperial
31:58
| APM avg | 16.1 |
| APM peak | 35 |
| eAPM avg | 12.9 |
| Villagers / military | 89 / 300 |
Focus
⚔️ 34.2% · 🌾 65.8%
Throwing Axeman ×226 · Scout Cavalry ×39 · Knight ×35
Feudal
6:50
Castle
14:19
Imperial
33:55
| APM avg | 26.1 |
| APM peak | 126 |
| eAPM avg | 21.4 |
| Villagers / military | 93 / 30 |
Focus
⚔️ 28.1% · 🌾 71.9%
Ballista Elephant ×30
Match map
Initial resources + every placement click. Lines = walls · curves = elevation contours. ◆ gold · ⬟ stone · ● berries · ✦ relic · ◌ wall gap
Your base· ✓ Closed at 11:58 · 24t walls · 8 gate(s)
顺风打工人's base· ✓ Closed at 13:23 · 0t walls · 7 gate(s)
R.I.P's base· ✓ Closed at 12:44 · 20t walls · 7 gate(s)
c190's base· ✓ Closed at 14:50 · 37t walls · 8 gate(s)
vitavidal91's base· ✓ Closed at 14:02 · 29t walls · 7 gate(s)
asaenzb16_1's base· ✓ Closed at 16:51 · 0t walls · 7 gate(s)
felipegarcia92's base· ✓ Closed at 14:16 · 20t walls · 8 gate(s)
第四集团军总司令李宗's base· ✓ Closed at 14:19 · 0t walls · 6 gate(s)
Smoothed initial terrain · ◌ = detected wall gap · hover for details
Inputs per minute
— GuilleLeopold17 - - 顺风打工人
Build order — GuilleLeopold17
First 150 of 270 actions detected
| 0:02 | Queue | Villager (Male) |
| 0:03 | Queue | Villager (Male) |
| 0:17 | Queue | Villager (Male) ×2 |
| 0:17 | Queue | Villager (Male) ×2 |
| 0:34 | Build | Lumber Camp |
| 1:02 | Queue | Villager (Male) |
| 1:02 | Queue | Villager (Male) |
| 1:56 | Queue | Villager (Male) |
| 1:57 | Queue | Villager (Male) |
| 2:32 | Queue | Villager (Male) |
| 2:33 | Queue | Villager (Male) |
| 2:33 | Queue | Villager (Male) |
| 2:34 | Queue | Villager (Male) |
| 2:34 | Queue | Villager (Male) |
| 3:02 | Queue | Villager (Male) |
| 3:03 | Queue | Villager (Male) |
| 3:03 | Queue | Villager (Male) |
| 3:32 | Build | Mill |
| 4:53 | Research | Feudal Age |
| 5:06 | Build | Farm |
| 5:07 | Build | Farm |
| 5:54 | Build | Mining Camp |
| 6:27 | Queue | Villager (Male) |
| 6:27 | Queue | Villager (Male) |
| 7:13 | Age | Feudal Age |
| 7:16 | Build | Archery Range |
| 7:29 | Build | Blacksmith |
| 7:58 | Queue | Villager (Male) |
| 8:34 | Build | Mining Camp |
| 8:48 | Queue | Villager (Male) |
| 9:18 | Research | Castle Age |
| 9:18 | Research | Castle Age |
| 9:22 | Research | Gold Mining |
| 9:28 | Research | Double-Bit Axe |
| 9:28 | Research | Double-Bit Axe |
| 10:33 | Build | Stone Wall |
| 10:56 | Build | Stone Wall |
| 11:07 | Build | Farm |
| 11:07 | Build | Farm |
| 11:07 | Build | Farm |
| 11:08 | Build | Farm |
| 11:09 | Build | Farm |
| 11:09 | Build | Farm |
| 11:26 | Build | Farm |
| 11:39 | Build | Stone Wall |
| 11:54 | Build | Stone Wall |
| 11:58 | Age | Castle Age |
| 12:01 | Queue | Villager (Male) |
| 12:01 | Queue | Villager (Male) |
| 12:02 | Queue | Villager (Male) |
| 12:09 | Build | Town Center |
| 12:27 | Build | Stone Wall |
| 12:33 | Build | Stone Wall |
| 12:44 | Queue | Elephant Archer |
| 12:44 | Queue | Elephant Archer |
| 12:44 | Queue | Elephant Archer |
| 12:44 | Queue | Elephant Archer |
| 12:45 | Queue | Elephant Archer |
| 12:58 | Build | Siege Workshop |
| 13:01 | Queue | Villager (Male) |
| 13:02 | Queue | Villager (Male) |
| 13:45 | Queue | Villager (Male) |
| 13:45 | Queue | Villager (Male) |
| 14:10 | Queue | Villager (Male) ×5 |
| 14:10 | Queue | Villager (Male) ×5 |
| 14:43 | Build | Town Center |
| 14:50 | Queue | Villager (Male) |
| 15:00 | Research | Horse Collar |
| 15:06 | Build | Farm |
| 15:19 | Queue | Elephant Archer |
| 15:19 | Queue | Elephant Archer |
| 15:59 | Queue | Villager (Male) ×2 |
| 16:16 | Build | Farm |
| 16:17 | Build | Farm |
| 16:18 | Build | Farm |
| 16:19 | Build | Farm |
| 16:20 | Build | Farm |
| 16:23 | Queue | Villager (Male) |
| 16:24 | Queue | Villager (Male) |
| 16:44 | Build | House |
| 16:44 | Build | House |
| 16:46 | Build | House |
| 16:53 | Queue | Villager (Male) ×2 |
| 16:53 | Queue | Villager (Male) ×2 |
| 16:58 | Queue | Villager (Male) |
| 16:58 | Queue | Villager (Male) |
| 17:10 | Build | Farm |
| 17:11 | Build | Farm |
| 17:13 | Build | Farm |
| 17:26 | Queue | Villager (Male) ×2 |
| 17:26 | Queue | Villager (Male) ×2 |
| 17:56 | Queue | Armored Elephant |
| 17:56 | Queue | Armored Elephant |
| 18:16 | Queue | Armored Elephant |
| 18:32 | Build | Stone Wall |
| 18:34 | Queue | Urumi Swordsman |
| 18:34 | Queue | Urumi Swordsman |
| 19:01 | Queue | Elephant Archer |
| 19:01 | Queue | Elephant Archer |
| 19:13 | Research | Fletching |
| 19:13 | Research | Padded Archer Armor |
| 19:25 | Build | Monastery |
| 19:27 | Queue | Villager (Male) |
| 19:27 | Queue | Villager (Male) |
| 19:27 | Queue | Villager (Male) |
| 19:42 | Queue | Elephant Archer |
| 19:42 | Queue | Elephant Archer |
| 19:43 | Queue | Elephant Archer |
| 19:49 | Queue | Villager (Male) |
| 19:56 | Queue | Villager (Male) |
| 19:56 | Queue | Villager (Male) |
| 19:57 | Queue | Villager (Male) |
| 20:09 | Build | Farm |
| 20:09 | Build | Farm |
| 20:09 | Build | Farm |
| 20:10 | Build | Farm |
| 20:10 | Build | Farm |
| 20:10 | Build | Farm |
| 20:11 | Build | Farm |
| 20:25 | Queue | Urumi Swordsman |
| 20:25 | Queue | Urumi Swordsman |
| 20:25 | Queue | Urumi Swordsman |
| 20:38 | Build | University |
| 21:05 | Build | Mill |
| 21:08 | Build | Farm |
| 21:08 | Build | Farm |
| 21:09 | Build | Farm |
| 21:10 | Build | Farm |
| 21:18 | Queue | Villager (Male) ×5 |
| 21:18 | Queue | Villager (Male) ×5 |
| 21:28 | Queue | Monk |
| 21:28 | Queue | Monk |
| 22:08 | Build | Town Center |
| 23:14 | Queue | Urumi Swordsman |
| 23:14 | Queue | Urumi Swordsman |
| 23:14 | Queue | Urumi Swordsman |
| 23:15 | Queue | Urumi Swordsman |
| 23:15 | Queue | Urumi Swordsman |
| 23:18 | Research | Medical Corps |
| 23:39 | Build | House |
| 23:39 | Build | House |
| 23:39 | Build | House |
| 23:39 | Build | House |
| 23:40 | Build | House |
| 23:44 | Research | Padded Archer Armor |
| 23:44 | Research | Bodkin Arrow |
| 23:48 | Research | Ballistics |
| 23:51 | Queue | Villager (Male) ×3 |
| 25:16 | Build | Archery Range |
| 25:17 | Build | Archery Range |
Build order — 顺风打工人
148 actions detected in the replay
| 0:13 | Queue | Villager (Male) |
| 0:13 | Queue | Villager (Male) |
| 0:14 | Queue | Villager (Male) |
| 0:14 | Queue | Villager (Male) |
| 0:15 | Queue | Villager (Male) |
| 0:15 | Queue | Villager (Male) |
| 1:30 | Build | Mining Camp |
| 1:34 | Queue | Villager (Male) |
| 1:39 | Research | Loom |
| 1:39 | Research | Loom |
| 1:39 | Research | Loom |
| 1:40 | Research | Loom |
| 2:21 | Build | Lumber Camp |
| 2:23 | Queue | Villager (Male) |
| 2:24 | Queue | Villager (Male) |
| 2:59 | Queue | Villager (Male) |
| 2:59 | Queue | Villager (Male) |
| 3:00 | Queue | Villager (Male) |
| 3:00 | Queue | Villager (Male) |
| 3:00 | Queue | Villager (Male) |
| 3:00 | Queue | Villager (Male) |
| 3:01 | Queue | Villager (Male) |
| 4:16 | Queue | Villager (Male) |
| 4:31 | Build | Mill |
| 4:54 | Build | Farm |
| 5:41 | Build | Farm |
| 5:56 | Research | Feudal Age |
| 5:56 | Research | Feudal Age |
| 5:57 | Research | Feudal Age |
| 5:57 | Research | Feudal Age |
| 6:13 | Build | Farm |
| 6:18 | Queue | Villager (Male) |
| 7:12 | Queue | Villager (Male) |
| 7:27 | Build | Farm |
| 7:28 | Build | Farm |
| 7:50 | Queue | Villager (Male) |
| 8:09 | Queue | Villager (Male) |
| 8:13 | Age | Feudal Age |
| 8:17 | Research | Gold Mining |
| 8:26 | Build | Blacksmith |
| 8:30 | Queue | Villager (Male) |
| 8:55 | Queue | Villager (Male) |
| 9:07 | Build | Market |
| 9:55 | Build | Mining Camp |
| 10:04 | Build | Mining Camp |
| 10:06 | Queue | Villager (Male) |
| 10:24 | Research | Castle Age |
| 10:24 | Research | Castle Age |
| 10:24 | Research | Castle Age |
| 10:42 | Research | Double-Bit Axe |
| 10:43 | Research | Double-Bit Axe |
| 10:43 | Research | Double-Bit Axe |
| 11:06 | Research | Horse Collar |
| 11:06 | Research | Horse Collar |
| 11:06 | Research | Horse Collar |
| 11:11 | Research | Town Watch |
| 11:36 | Research | Padded Archer Armor |
| 11:41 | Queue | Villager (Male) |
| 11:41 | Queue | Villager (Male) |
| 12:18 | Build | Farm |
| 12:20 | Build | Farm |
| 12:21 | Build | Farm |
| 12:31 | Queue | Villager (Male) |
| 12:37 | Build | House |
| 12:38 | Build | House |
| 12:39 | Build | House |
| 12:43 | Queue | Villager (Male) |
| 13:08 | Queue | Villager (Male) |
| 13:22 | Queue | Villager (Male) |
| 13:23 | Age | Castle Age |
| 13:36 | Queue | Janissary |
| 13:36 | Queue | Janissary |
| 13:37 | Queue | Janissary |
| 13:45 | Queue | Villager (Male) |
| 14:04 | Queue | Villager (Male) |
| 14:22 | Build | Siege Workshop |
| 14:29 | Research | Gold Shaft Mining |
| 14:29 | Research | Gold Shaft Mining |
| 14:29 | Research | Gold Shaft Mining |
| 14:37 | Research | Bow Saw |
| 14:37 | Research | Bow Saw |
| 14:38 | Queue | Villager (Male) |
| 14:54 | Queue | Janissary |
| 14:54 | Queue | Janissary |
| 14:54 | Queue | Janissary |
| 15:24 | Queue | Battering Ram |
| 15:25 | Queue | Battering Ram |
| 15:36 | Queue | Janissary |
| 15:45 | Queue | Janissary |
| 15:45 | Queue | Janissary |
| 15:48 | Queue | Villager (Male) |
| 16:03 | Queue | Villager (Male) |
| 16:07 | Queue | Battering Ram |
| 16:07 | Queue | Battering Ram |
| 16:08 | Queue | Battering Ram |
| 16:29 | Queue | Janissary |
| 16:29 | Queue | Janissary |
| 16:29 | Queue | Janissary |
| 16:32 | Queue | Villager (Male) |
| 16:54 | Queue | Villager (Male) |
| 17:07 | Build | Barracks |
| 17:11 | Research | Scale Mail Armor |
| 17:12 | Research | Scale Mail Armor |
| 17:25 | Build | House |
| 17:27 | Build | House |
| 17:30 | Build | House |
| 17:31 | Build | House |
| 17:38 | Build | House |
| 17:40 | Queue | Villager (Male) |
| 18:22 | Queue | Villager (Male) |
| 18:23 | Queue | Villager (Male) |
| 18:37 | Research | Fletching |
| 18:57 | Queue | Janissary |
| 18:57 | Queue | Janissary |
| 18:57 | Queue | Janissary |
| 19:20 | Build | Monastery |
| 19:38 | Queue | Villager (Male) |
| 19:39 | Queue | Villager (Male) |
| 19:45 | Queue | Villager (Male) |
| 19:50 | Queue | Mangonel |
| 19:50 | Queue | Mangonel |
| 19:50 | Queue | Mangonel |
| 19:55 | Queue | Spearman |
| 19:56 | Queue | Spearman |
| 19:56 | Queue | Spearman |
| 19:56 | Queue | Spearman |
| 20:04 | Queue | Monk |
| 20:05 | Queue | Monk |
| 20:05 | Queue | Monk |
| 20:05 | Queue | Monk |
| 20:09 | Queue | Villager (Male) |
| 20:13 | Build | Farm |
| 20:14 | Build | Farm |
| 20:15 | Build | Farm |
| 20:16 | Build | Farm |
| 20:35 | Queue | Villager (Male) |
| 20:58 | Queue | Spearman |
| 20:58 | Queue | Spearman |
| 21:05 | Queue | Villager (Male) |
| 21:18 | Queue | Battering Ram |
| 21:20 | Queue | Janissary |
| 21:21 | Queue | Janissary |
| 21:21 | Queue | Janissary |
| 21:21 | Queue | Janissary |
| 21:38 | Queue | Villager (Male) |
| 21:56 | Queue | Villager (Male) |
| 21:58 | Queue | Janissary |
| 21:58 | Queue | Janissary |
Build order — R.I.P
First 150 of 311 actions detected
| 0:07 | Queue | Villager (Male) |
| 0:08 | Queue | Villager (Male) |
| 0:08 | Queue | Villager (Male) |
| 0:08 | Queue | Villager (Male) |
| 0:22 | Build | Lumber Camp |
| 1:04 | Build | Mill |
| 1:13 | Queue | Villager (Male) |
| 1:37 | Queue | Villager (Male) |
| 2:36 | Queue | Villager (Male) |
| 2:36 | Queue | Villager (Male) |
| 2:37 | Queue | Villager (Male) |
| 3:02 | Queue | Villager (Male) |
| 3:56 | Build | Mining Camp |
| 4:01 | Queue | Villager (Male) |
| 4:02 | Queue | Villager (Male) |
| 4:02 | Queue | Villager (Male) |
| 4:02 | Queue | Villager (Male) |
| 4:57 | Build | Lumber Camp |
| 5:21 | Build | Farm |
| 5:26 | Build | Farm |
| 5:31 | Build | Farm |
| 6:01 | Research | Feudal Age |
| 6:04 | Build | Mining Camp |
| 6:42 | Queue | Villager (Male) |
| 6:43 | Queue | Villager (Male) |
| 8:11 | Age | Feudal Age |
| 8:50 | Build | Market |
| 9:00 | Build | Blacksmith |
| 9:05 | Queue | Villager (Male) |
| 9:17 | Research | Loom |
| 10:04 | Research | Castle Age |
| 10:38 | Research | Double-Bit Axe |
| 11:15 | Research | Horse Collar |
| 11:59 | Build | Stone Wall |
| 12:44 | Age | Castle Age |
| 12:53 | Build | Town Center |
| 13:06 | Build | Town Center |
| 13:11 | Queue | Villager (Male) |
| 13:18 | Research | Bow Saw |
| 14:03 | Queue | Villager (Male) |
| 14:28 | Queue | Villager (Male) |
| 14:37 | Build | Farm |
| 14:38 | Build | Farm |
| 15:16 | Build | Farm |
| 15:18 | Build | Farm |
| 15:19 | Queue | Villager (Male) |
| 15:19 | Queue | Villager (Male) |
| 15:20 | Queue | Villager (Male) |
| 15:20 | Queue | Villager (Male) |
| 15:53 | Queue | Villager (Male) |
| 15:53 | Queue | Villager (Male) |
| 15:53 | Queue | Villager (Male) |
| 16:14 | Queue | Villager (Male) |
| 16:14 | Queue | Villager (Male) |
| 16:17 | Build | Farm |
| 16:20 | Build | Farm |
| 16:26 | Build | Farm |
| 16:32 | Build | House |
| 16:36 | Queue | Villager (Male) |
| 16:36 | Queue | Villager (Male) |
| 16:47 | Build | Farm |
| 16:49 | Build | Farm |
| 16:51 | Build | Farm |
| 16:54 | Queue | Villager (Male) |
| 17:10 | Build | House |
| 17:13 | Build | Farm |
| 17:15 | Build | Farm |
| 17:16 | Queue | Villager (Male) |
| 17:16 | Queue | Villager (Male) |
| 17:28 | Build | Farm |
| 17:30 | Queue | Villager (Male) |
| 17:31 | Queue | Villager (Male) |
| 17:37 | Queue | Villager (Male) |
| 17:37 | Queue | Villager (Male) |
| 17:42 | Build | House |
| 17:46 | Queue | Villager (Male) |
| 17:46 | Queue | Villager (Male) |
| 17:54 | Build | Monastery |
| 17:56 | Queue | Villager (Male) |
| 17:56 | Queue | Villager (Male) |
| 18:00 | Build | Farm |
| 18:15 | Build | Lumber Camp |
| 18:25 | Queue | Villager (Male) |
| 18:26 | Queue | Villager (Male) |
| 18:30 | Build | Farm |
| 18:43 | Queue | Monk |
| 18:51 | Build | House |
| 18:54 | Build | House |
| 18:54 | Build | House |
| 18:58 | Build | Farm |
| 18:59 | Queue | Villager (Male) |
| 18:59 | Queue | Villager (Male) |
| 19:03 | Build | Farm |
| 19:11 | Queue | Villager (Male) |
| 19:11 | Queue | Villager (Male) |
| 19:11 | Queue | Villager (Male) |
| 19:36 | Build | Farm |
| 19:43 | Build | Market |
| 19:52 | Queue | Villager (Male) |
| 19:52 | Queue | Villager (Male) |
| 19:52 | Queue | Villager (Male) |
| 20:02 | Queue | Villager (Male) |
| 20:03 | Queue | Villager (Male) |
| 20:03 | Queue | Villager (Male) |
| 20:25 | Build | House |
| 20:26 | Build | House |
| 20:30 | Queue | Villager (Male) |
| 20:30 | Queue | Villager (Male) |
| 20:44 | Build | Town Center |
| 20:47 | Queue | Villager (Male) |
| 20:47 | Queue | Villager (Male) |
| 20:47 | Queue | Villager (Male) |
| 21:01 | Build | Market |
| 21:03 | Queue | Villager (Male) |
| 21:03 | Queue | Villager (Male) |
| 21:04 | Queue | Villager (Male) |
| 21:20 | Build | University |
| 21:23 | Build | House |
| 21:28 | Build | House |
| 21:30 | Queue | Villager (Male) |
| 21:30 | Queue | Villager (Male) |
| 21:51 | Build | Town Center |
| 21:52 | Build | Farm |
| 21:53 | Build | Farm |
| 21:55 | Build | Farm |
| 21:56 | Queue | Villager (Male) |
| 21:57 | Queue | Villager (Male) |
| 21:57 | Queue | Villager (Male) |
| 21:58 | Queue | Villager (Male) |
| 22:12 | Build | House |
| 22:36 | Build | House |
| 23:01 | Build | Lumber Camp |
| 23:14 | Queue | Villager (Male) |
| 23:14 | Queue | Villager (Male) |
| 23:15 | Queue | Villager (Male) |
| 23:15 | Queue | Villager (Male) |
| 23:15 | Queue | Villager (Male) |
| 23:16 | Queue | Villager (Male) |
| 23:16 | Queue | Villager (Male) |
| 23:19 | Build | House |
| 23:25 | Build | Farm |
| 23:27 | Build | Farm |
| 23:29 | Build | Farm |
| 23:31 | Queue | Villager (Male) |
| 23:31 | Queue | Villager (Male) |
| 23:40 | Research | Heavy Plow |
| 23:42 | Research | Imperial Age |
| 23:45 | Build | Farm |
| 23:56 | Build | Mill |
| 24:01 | Build | Farm |
Build order — c190
First 150 of 355 actions detected
| 0:07 | Research | Loom |
| 0:07 | Queue | Villager (Male) |
| 0:08 | Queue | Villager (Male) |
| 0:08 | Queue | Villager (Male) |
| 0:08 | Queue | Villager (Male) |
| 0:09 | Queue | Villager (Male) |
| 0:16 | Build | Lumber Camp |
| 1:03 | Build | Mill |
| 1:13 | Queue | Villager (Male) |
| 1:33 | Queue | Villager (Male) |
| 2:10 | Queue | Villager (Male) |
| 2:41 | Queue | Villager (Male) |
| 2:55 | Queue | Villager (Male) |
| 3:07 | Build | Farm |
| 3:12 | Build | Farm |
| 3:21 | Queue | Villager (Male) |
| 3:21 | Queue | Villager (Male) |
| 3:48 | Queue | Villager (Male) |
| 3:58 | Queue | Villager (Male) |
| 5:56 | Research | Feudal Age |
| 6:05 | Build | Mining Camp |
| 6:45 | Queue | Villager (Male) |
| 6:45 | Queue | Villager (Male) |
| 6:45 | Queue | Villager (Male) |
| 8:07 | Age | Feudal Age |
| 8:08 | Queue | Villager (Male) |
| 8:10 | Research | Double-Bit Axe |
| 8:14 | Research | Horse Collar |
| 8:30 | Build | Gate |
| 8:39 | Build | Stone Wall |
| 8:44 | Build | Stone Wall |
| 8:47 | Build | Stone Wall |
| 8:51 | Queue | Villager (Male) |
| 9:01 | Build | Market |
| 9:04 | Build | Blacksmith |
| 9:18 | Build | Farm |
| 9:49 | Build | Mining Camp |
| 9:54 | Queue | Villager (Male) |
| 9:55 | Queue | Villager (Male) |
| 11:05 | Queue | Villager (Male) |
| 11:37 | Queue | Villager (Male) |
| 11:57 | Build | Mining Camp |
| 12:10 | Research | Castle Age |
| 12:51 | Build | Farm |
| 13:41 | Build | Farm |
| 13:55 | Research | Scale Mail Armor |
| 14:04 | Build | House |
| 14:05 | Build | House |
| 14:07 | Build | House |
| 14:08 | Build | House |
| 14:10 | Build | House |
| 14:11 | Build | House |
| 14:27 | Build | Gate |
| 14:33 | Build | Stone Wall |
| 14:36 | Build | Stone Wall |
| 14:45 | Build | Farm |
| 14:50 | Build | Farm |
| 14:50 | Age | Castle Age |
| 14:54 | Queue | Samurai |
| 14:54 | Queue | Samurai |
| 14:57 | Queue | Samurai |
| 15:08 | Build | Town Center |
| 15:20 | Research | Bow Saw |
| 15:22 | Queue | Samurai |
| 15:23 | Queue | Samurai |
| 15:24 | Queue | Samurai |
| 15:36 | Queue | Samurai |
| 15:36 | Queue | Samurai |
| 15:48 | Research | Gold Mining |
| 15:52 | Queue | Villager (Male) |
| 15:52 | Queue | Villager (Male) |
| 16:01 | Queue | Samurai |
| 16:01 | Queue | Samurai |
| 16:07 | Queue | Villager (Male) |
| 16:18 | Build | House |
| 16:19 | Build | House |
| 16:20 | Build | House |
| 16:33 | Queue | Villager (Male) |
| 16:35 | Research | Wheelbarrow |
| 16:58 | Research | Stone Mining |
| 17:02 | Queue | Villager (Male) |
| 17:07 | Build | Farm |
| 17:08 | Build | Farm |
| 17:30 | Queue | Villager (Male) |
| 17:33 | Build | Farm |
| 17:51 | Queue | Villager (Male) |
| 17:51 | Queue | Villager (Male) |
| 18:19 | Build | Monastery |
| 18:22 | Queue | Villager (Male) |
| 18:23 | Queue | Villager (Male) |
| 18:43 | Queue | Samurai |
| 18:43 | Queue | Samurai |
| 18:44 | Queue | Samurai |
| 18:44 | Queue | Samurai |
| 18:45 | Queue | Samurai |
| 19:03 | Build | Mining Camp |
| 19:04 | Queue | Villager (Male) |
| 19:04 | Queue | Villager (Male) |
| 19:24 | Queue | Monk |
| 19:30 | Queue | Villager (Male) |
| 19:31 | Queue | Villager (Male) |
| 19:41 | Build | Town Center |
| 19:45 | Queue | Samurai |
| 19:46 | Queue | Samurai |
| 20:16 | Build | Stone Wall |
| 20:21 | Queue | Villager (Male) |
| 20:21 | Queue | Villager (Male) |
| 20:22 | Queue | Villager (Male) |
| 20:23 | Queue | Samurai |
| 20:23 | Queue | Samurai |
| 20:48 | Queue | Samurai |
| 20:48 | Queue | Samurai |
| 21:07 | Queue | Villager (Male) |
| 21:07 | Queue | Villager (Male) |
| 21:08 | Queue | Villager (Male) |
| 22:00 | Queue | Samurai |
| 22:00 | Queue | Samurai |
| 22:00 | Queue | Samurai |
| 22:15 | Build | House |
| 22:17 | Build | House |
| 22:20 | Build | House |
| 22:21 | Build | House |
| 22:22 | Build | House |
| 22:23 | Queue | Villager (Male) |
| 22:24 | Queue | Villager (Male) |
| 22:24 | Queue | Villager (Male) |
| 22:24 | Queue | Villager (Male) |
| 22:24 | Queue | Villager (Male) |
| 22:25 | Queue | Villager (Male) |
| 22:29 | Build | Farm |
| 22:30 | Build | Farm |
| 22:30 | Build | Farm |
| 22:30 | Build | Farm |
| 22:35 | Build | Farm |
| 22:35 | Build | Farm |
| 22:35 | Build | Farm |
| 22:36 | Build | Farm |
| 22:36 | Build | Farm |
| 22:52 | Queue | Samurai |
| 22:53 | Queue | Samurai |
| 23:19 | Queue | Villager (Male) |
| 23:20 | Queue | Villager (Male) |
| 23:22 | Queue | Samurai |
| 23:35 | Build | House |
| 23:37 | Build | House |
| 23:38 | Build | House |
| 23:58 | Queue | Samurai |
| 23:58 | Queue | Samurai |
| 23:58 | Queue | Samurai |
| 24:00 | Queue | Samurai |
Build order — vitavidal91
First 150 of 247 actions detected
| 0:01 | Queue | Villager (Male) |
| 0:02 | Queue | Villager (Male) |
| 0:13 | Build | Lumber Camp |
| 0:13 | Queue | Villager (Male) |
| 0:18 | Queue | Villager (Male) |
| 1:38 | Queue | Villager (Male) |
| 2:13 | Queue | Villager (Male) |
| 2:14 | Queue | Villager (Male) |
| 2:21 | Build | Mill |
| 2:59 | Queue | Villager (Male) |
| 3:27 | Queue | Villager (Male) |
| 4:02 | Queue | Villager (Male) |
| 4:33 | Queue | Villager (Male) |
| 4:46 | Queue | Villager (Male) |
| 5:05 | Build | Farm |
| 5:12 | Build | Farm |
| 5:27 | Research | Feudal Age |
| 7:35 | Queue | Villager (Male) |
| 7:37 | Age | Feudal Age |
| 7:55 | Build | Mining Camp |
| 8:13 | Research | Loom |
| 8:39 | Queue | Villager (Male) |
| 8:53 | Queue | Villager (Male) |
| 9:10 | Build | Stone Wall |
| 9:17 | Queue | Villager (Male) |
| 9:36 | Build | Mining Camp |
| 9:38 | Queue | Villager (Male) |
| 10:12 | Queue | Villager (Male) |
| 10:25 | Queue | Villager (Male) |
| 11:01 | Queue | Villager (Male) |
| 11:05 | Build | Farm |
| 11:09 | Build | Farm |
| 11:12 | Build | Farm |
| 11:13 | Build | Farm |
| 11:22 | Research | Castle Age |
| 11:51 | Build | Stone Wall |
| 12:19 | Build | Mining Camp |
| 14:02 | Age | Castle Age |
| 14:04 | Queue | Ballista Elephant |
| 14:06 | Queue | Villager (Male) |
| 14:15 | Build | Town Center |
| 14:17 | Queue | Villager (Male) |
| 14:34 | Queue | Ballista Elephant |
| 14:55 | Queue | Villager (Male) |
| 15:05 | Build | Farm |
| 15:17 | Queue | Villager (Male) |
| 15:18 | Queue | Villager (Male) |
| 15:20 | Queue | Villager (Male) |
| 15:21 | Queue | Villager (Male) |
| 15:21 | Queue | Villager (Male) |
| 15:23 | Queue | Ballista Elephant |
| 16:01 | Queue | Villager (Male) |
| 16:01 | Queue | Villager (Male) |
| 16:05 | Build | Farm |
| 16:20 | Build | House |
| 16:22 | Build | House |
| 16:23 | Build | House |
| 16:25 | Build | House |
| 16:27 | Build | House |
| 16:29 | Build | House |
| 16:33 | Queue | Villager (Male) |
| 16:33 | Queue | Villager (Male) |
| 16:35 | Queue | Ballista Elephant |
| 16:40 | Build | Farm |
| 16:44 | Build | Farm |
| 17:04 | Build | Farm |
| 17:09 | Queue | Villager (Male) |
| 17:11 | Research | Horse Collar |
| 17:24 | Queue | Villager (Male) |
| 17:46 | Queue | Ballista Elephant |
| 17:51 | Build | Farm |
| 18:39 | Queue | Villager (Male) |
| 18:42 | Queue | Villager (Male) |
| 18:43 | Queue | Villager (Male) |
| 18:44 | Queue | Villager (Male) |
| 18:55 | Build | Farm |
| 18:56 | Build | Farm |
| 18:58 | Build | Farm |
| 18:59 | Build | Farm |
| 19:02 | Build | Farm |
| 19:12 | Build | Farm |
| 19:14 | Build | Farm |
| 19:39 | Build | Stone Wall |
| 19:55 | Research | Wheelbarrow |
| 19:56 | Queue | Villager (Male) |
| 19:57 | Queue | Villager (Male) |
| 20:01 | Queue | Ballista Elephant |
| 20:01 | Queue | Ballista Elephant |
| 20:34 | Queue | Ballista Elephant |
| 20:34 | Queue | Ballista Elephant |
| 20:46 | Build | Stable |
| 20:47 | Build | Stable |
| 21:07 | Queue | Villager (Male) |
| 21:08 | Queue | Villager (Male) |
| 21:09 | Queue | Villager (Male) |
| 21:09 | Queue | Villager (Male) |
| 21:10 | Queue | Villager (Male) |
| 21:51 | Queue | Ballista Elephant |
| 21:52 | Queue | Ballista Elephant |
| 21:54 | Research | Husbandry |
| 21:55 | Research | Husbandry |
| 21:59 | Build | Stable |
| 22:06 | Build | Blacksmith |
| 22:10 | Queue | Villager (Male) |
| 22:10 | Queue | Villager (Male) |
| 22:20 | Build | Farm |
| 22:22 | Build | Farm |
| 22:23 | Build | Farm |
| 22:26 | Queue | Ballista Elephant |
| 22:41 | Queue | Ballista Elephant |
| 22:54 | Research | Scale Barding Armor |
| 23:00 | Queue | Villager (Male) |
| 23:02 | Queue | Villager (Male) |
| 23:02 | Queue | Villager (Male) |
| 23:22 | Research | Bloodlines |
| 23:53 | Queue | Ballista Elephant |
| 23:53 | Queue | Ballista Elephant |
| 24:12 | Build | House |
| 24:13 | Build | House |
| 24:13 | Build | House |
| 24:14 | Build | House |
| 24:20 | Build | House |
| 24:31 | Build | Barracks |
| 24:33 | Build | Barracks |
| 24:41 | Queue | Ballista Elephant |
| 24:42 | Queue | Ballista Elephant |
| 24:51 | Research | Chain Barding Armor |
| 24:51 | Research | Chain Barding Armor |
| 24:52 | Research | Fletching |
| 25:25 | Queue | Spearman |
| 25:33 | Queue | Spearman |
| 25:37 | Build | Barracks |
| 25:59 | Queue | Ballista Elephant |
| 26:00 | Queue | Ballista Elephant |
| 26:22 | Build | Town Center |
| 26:30 | Queue | Ballista Elephant |
| 26:37 | Queue | Spearman |
| 26:37 | Queue | Spearman |
| 26:38 | Queue | Spearman |
| 26:38 | Queue | Spearman |
| 26:38 | Queue | Spearman |
| 26:54 | Queue | Ballista Elephant |
| 27:14 | Build | Lumber Camp |
| 28:01 | Queue | Villager (Male) |
| 28:01 | Queue | Villager (Male) |
| 29:20 | Build | Farm |
| 29:20 | Build | Farm |
| 29:20 | Build | Farm |
| 29:20 | Build | Farm |
| 29:21 | Build | Farm |
Build order — asaenzb16_1
First 150 of 191 actions detected
| 0:04 | Queue | Villager (Male) |
| 0:21 | Build | Lumber Camp |
| 0:23 | Queue | Villager (Male) |
| 0:27 | Build | Lumber Camp |
| 0:31 | Queue | Villager (Male) |
| 1:22 | Queue | Villager (Male) |
| 1:45 | Queue | Villager (Male) |
| 2:08 | Queue | Villager (Male) |
| 2:42 | Queue | Villager (Male) |
| 2:55 | Build | Mill |
| 3:00 | Queue | Villager (Male) |
| 3:13 | Queue | Villager (Male) |
| 3:26 | Queue | Villager (Male) |
| 4:30 | Queue | Villager (Male) |
| 4:42 | Queue | Villager (Male) |
| 5:40 | Queue | Villager (Male) |
| 5:42 | Queue | Villager (Male) |
| 6:12 | Queue | Villager (Male) |
| 6:37 | Queue | Villager (Male) |
| 7:23 | Research | Feudal Age |
| 7:31 | Build | Farm |
| 7:35 | Build | Farm |
| 7:35 | Build | Farm |
| 7:35 | Build | Farm |
| 7:35 | Build | Farm |
| 7:36 | Build | Farm |
| 7:36 | Build | Farm |
| 7:36 | Build | Farm |
| 7:36 | Build | Farm |
| 7:37 | Build | Farm |
| 7:37 | Build | Farm |
| 7:49 | Build | House |
| 8:32 | Build | Mining Camp |
| 8:44 | Build | House |
| 9:06 | Build | House |
| 9:33 | Age | Feudal Age |
| 9:35 | Research | Gold Mining |
| 9:41 | Queue | Villager (Male) |
| 9:44 | Build | Farm |
| 9:50 | Build | Stable |
| 9:55 | Build | Stable |
| 10:04 | Queue | Villager (Male) |
| 10:09 | Build | Farm |
| 10:35 | Queue | Villager (Male) |
| 11:06 | Queue | Villager (Male) |
| 11:17 | Build | Blacksmith |
| 11:40 | Queue | Villager (Male) |
| 12:02 | Research | Wheelbarrow |
| 12:59 | Build | Market |
| 13:08 | Research | Forging |
| 13:17 | Research | Scale Barding Armor |
| 13:21 | Queue | Villager (Male) |
| 13:39 | Queue | Villager (Male) |
| 14:00 | Research | Castle Age |
| 14:09 | Build | House |
| 14:13 | Build | House |
| 14:47 | Build | Lumber Camp |
| 14:53 | Research | Double-Bit Axe |
| 15:08 | Build | House |
| 15:13 | Build | House |
| 15:40 | Build | House |
| 16:30 | Research | Loom |
| 16:51 | Age | Castle Age |
| 16:52 | Research | Husbandry |
| 16:53 | Research | Husbandry |
| 16:54 | Queue | Knight |
| 16:58 | Queue | Petard |
| 16:58 | Queue | Petard |
| 16:59 | Queue | Petard |
| 17:14 | Research | Iron Casting |
| 17:17 | Research | Chain Barding Armor |
| 17:23 | Queue | Villager (Male) |
| 17:25 | Build | Farm |
| 17:31 | Build | Farm |
| 17:32 | Build | Farm |
| 17:32 | Build | Farm |
| 17:32 | Build | Farm |
| 17:32 | Build | Farm |
| 17:32 | Build | Farm |
| 17:33 | Build | Farm |
| 17:33 | Build | Farm |
| 17:33 | Build | Farm |
| 17:37 | Queue | Villager (Male) |
| 17:41 | Queue | Knight |
| 17:42 | Queue | Knight |
| 17:51 | Queue | Knight |
| 17:51 | Queue | Knight |
| 18:02 | Queue | Villager (Male) |
| 18:29 | Queue | Knight |
| 18:29 | Queue | Knight |
| 18:40 | Queue | Villager (Male) |
| 18:40 | Queue | Villager (Male) |
| 18:47 | Queue | Knight |
| 18:53 | Queue | Knight |
| 18:59 | Queue | Villager (Male) |
| 19:13 | Build | Siege Workshop |
| 19:26 | Build | Farm |
| 19:26 | Build | Farm |
| 19:28 | Queue | Villager (Male) |
| 19:32 | Queue | Knight |
| 19:33 | Queue | Knight |
| 19:52 | Queue | Knight |
| 19:54 | Queue | Knight |
| 20:07 | Queue | Battering Ram |
| 20:10 | Build | House |
| 20:12 | Build | House |
| 20:27 | Queue | Knight |
| 20:29 | Queue | Knight |
| 20:35 | Queue | Villager (Male) |
| 20:35 | Queue | Villager (Male) |
| 20:55 | Queue | Knight |
| 21:08 | Queue | Knight |
| 21:54 | Queue | Battering Ram |
| 21:58 | Queue | Mangonel |
| 22:04 | Queue | Knight |
| 22:04 | Queue | Knight |
| 22:13 | Build | Farm |
| 22:16 | Queue | Villager (Male) |
| 22:17 | Queue | Villager (Male) |
| 22:54 | Build | House |
| 23:02 | Queue | Battering Ram |
| 23:04 | Queue | Knight |
| 23:05 | Queue | Knight |
| 23:14 | Build | Farm |
| 23:17 | Build | Farm |
| 23:19 | Queue | Villager (Male) |
| 23:29 | Queue | Villager (Male) |
| 23:33 | Queue | Knight |
| 23:33 | Queue | Knight |
| 23:52 | Queue | Knight |
| 23:53 | Queue | Knight |
| 24:31 | Queue | Knight |
| 24:31 | Queue | Knight |
| 24:34 | Build | House |
| 25:27 | Queue | Knight |
| 25:28 | Queue | Knight |
| 25:28 | Queue | Knight |
| 25:47 | Build | Stable |
| 25:55 | Queue | Villager (Male) |
| 25:55 | Queue | Villager (Male) |
| 25:58 | Research | Hand Cart |
| 26:02 | Research | Gold Shaft Mining |
| 26:56 | Queue | Knight |
| 26:56 | Queue | Knight |
| 26:57 | Queue | Knight |
| 27:04 | Build | Stable |
| 27:07 | Queue | Knight |
| 27:22 | Queue | Knight |
| 27:56 | Queue | Battering Ram |
| 27:56 | Queue | Battering Ram |
Build order — felipegarcia92
First 150 of 306 actions detected
| 0:02 | Queue | Villager (Male) |
| 0:02 | Queue | Villager (Male) |
| 0:03 | Queue | Villager (Male) |
| 0:04 | Queue | Villager (Male) |
| 0:04 | Queue | Villager (Male) |
| 0:22 | Build | Lumber Camp |
| 1:09 | Build | Mill |
| 1:22 | Queue | Villager (Male) |
| 1:23 | Queue | Villager (Male) |
| 1:23 | Queue | Villager (Male) |
| 1:25 | Research | Loom |
| 2:17 | Queue | Villager (Male) |
| 2:17 | Queue | Villager (Male) |
| 2:17 | Queue | Villager (Male) |
| 2:34 | Queue | Villager (Male) |
| 2:34 | Queue | Villager (Male) |
| 3:28 | Queue | Villager (Male) |
| 4:20 | Queue | Villager (Male) |
| 4:20 | Queue | Villager (Male) |
| 4:22 | Queue | Villager (Male) |
| 4:43 | Build | Mining Camp |
| 5:32 | Build | Mining Camp |
| 6:20 | Research | Feudal Age |
| 6:20 | Research | Feudal Age |
| 6:21 | Research | Feudal Age |
| 7:50 | Queue | Villager (Male) |
| 7:51 | Queue | Villager (Male) |
| 8:04 | Build | Farm |
| 8:05 | Build | Farm |
| 8:30 | Age | Feudal Age |
| 8:36 | Build | Stable |
| 8:49 | Build | Blacksmith |
| 9:00 | Build | Farm |
| 9:08 | Queue | Villager (Male) |
| 9:22 | Build | Farm |
| 9:25 | Build | Farm |
| 9:34 | Queue | Villager (Male) |
| 9:46 | Build | Farm |
| 9:59 | Queue | Villager (Male) |
| 10:20 | Queue | Villager (Male) |
| 10:56 | Queue | Villager (Male) |
| 11:03 | Build | Farm |
| 11:36 | Research | Castle Age |
| 11:42 | Build | Farm |
| 11:43 | Build | Farm |
| 11:59 | Research | Double-Bit Axe |
| 12:38 | Build | Stable |
| 13:32 | Build | Stone Wall |
| 13:45 | Build | Stone Wall |
| 13:48 | Build | Stone Wall |
| 13:58 | Queue | Villager (Male) |
| 13:59 | Queue | Villager (Male) |
| 13:59 | Queue | Villager (Male) |
| 13:59 | Queue | Villager (Male) |
| 14:00 | Queue | Villager (Male) |
| 14:16 | Age | Castle Age |
| 14:18 | Research | Bow Saw |
| 14:22 | Queue | Knight |
| 14:23 | Queue | Knight |
| 14:23 | Queue | Knight |
| 14:23 | Queue | Knight |
| 14:24 | Queue | Knight |
| 14:49 | Build | Town Center |
| 15:34 | Queue | Villager (Male) |
| 15:34 | Queue | Villager (Male) |
| 15:34 | Queue | Villager (Male) |
| 16:33 | Build | Town Center |
| 16:40 | Queue | Villager (Male) |
| 16:41 | Queue | Villager (Male) |
| 17:29 | Queue | Villager (Male) |
| 17:29 | Queue | Villager (Male) |
| 17:33 | Queue | Villager (Male) |
| 17:52 | Queue | Villager (Male) |
| 18:02 | Queue | Knight ×3 |
| 18:02 | Queue | Knight ×3 |
| 18:22 | Build | Farm |
| 18:23 | Build | Farm |
| 18:23 | Build | Farm |
| 18:23 | Build | Farm |
| 18:27 | Queue | Villager (Male) |
| 18:27 | Queue | Villager (Male) |
| 18:28 | Queue | Villager (Male) |
| 18:30 | Queue | Throwing Axeman |
| 18:30 | Queue | Throwing Axeman |
| 18:30 | Queue | Throwing Axeman |
| 18:31 | Queue | Throwing Axeman |
| 19:01 | Research | Husbandry |
| 19:03 | Queue | Throwing Axeman |
| 19:03 | Queue | Throwing Axeman |
| 19:03 | Queue | Throwing Axeman |
| 19:04 | Queue | Throwing Axeman |
| 19:08 | Queue | Villager (Male) |
| 19:08 | Queue | Villager (Male) |
| 19:09 | Queue | Villager (Male) |
| 19:11 | Queue | Villager (Male) |
| 19:12 | Queue | Villager (Male) |
| 19:13 | Queue | Villager (Male) |
| 19:18 | Build | House |
| 19:18 | Build | House |
| 19:18 | Build | House |
| 19:19 | Build | House |
| 19:21 | Build | House |
| 19:21 | Build | House |
| 19:23 | Build | House |
| 19:23 | Build | House |
| 19:25 | Queue | Throwing Axeman |
| 19:26 | Queue | Throwing Axeman |
| 19:46 | Build | House |
| 19:54 | Queue | Throwing Axeman |
| 19:56 | Queue | Knight |
| 20:19 | Queue | Throwing Axeman |
| 20:33 | Research | Gold Mining |
| 20:37 | Queue | Villager (Male) |
| 20:37 | Queue | Villager (Male) |
| 20:38 | Queue | Villager (Male) |
| 20:41 | Research | Wheelbarrow |
| 20:53 | Queue | Knight |
| 20:56 | Queue | Throwing Axeman |
| 20:56 | Queue | Throwing Axeman |
| 20:57 | Queue | Throwing Axeman |
| 21:08 | Build | House |
| 21:09 | Build | House |
| 21:09 | Build | House |
| 21:11 | Build | House |
| 21:14 | Queue | Villager (Male) |
| 21:14 | Queue | Villager (Male) |
| 21:17 | Queue | Villager (Male) |
| 21:18 | Queue | Villager (Male) |
| 21:36 | Queue | Throwing Axeman |
| 21:42 | Research | Scale Mail Armor |
| 22:00 | Queue | Throwing Axeman |
| 22:01 | Queue | Throwing Axeman |
| 22:23 | Build | Town Center |
| 23:18 | Build | Castle |
| 23:21 | Queue | Throwing Axeman |
| 23:21 | Queue | Throwing Axeman |
| 23:22 | Queue | Throwing Axeman |
| 23:22 | Queue | Throwing Axeman |
| 23:22 | Queue | Throwing Axeman |
| 23:27 | Build | Farm |
| 23:27 | Build | Farm |
| 23:30 | Queue | Villager (Male) |
| 23:30 | Queue | Villager (Male) |
| 23:30 | Queue | Villager (Male) |
| 23:38 | Build | Stone Wall |
| 23:55 | Queue | Throwing Axeman |
| 23:55 | Queue | Throwing Axeman |
| 24:12 | Queue | Villager (Male) |
| 24:13 | Queue | Villager (Male) |
| 24:13 | Queue | Villager (Male) |
Build order — 第四集团军总司令李宗
First 150 of 206 actions detected
| 0:05 | Queue | Villager (Male) |
| 0:05 | Queue | Villager (Male) |
| 0:05 | Queue | Villager (Male) |
| 1:20 | Queue | Villager (Male) |
| 1:54 | Queue | Villager (Male) |
| 1:54 | Queue | Villager (Male) |
| 1:54 | Queue | Villager (Male) |
| 1:55 | Queue | Villager (Male) |
| 2:20 | Queue | Villager (Male) |
| 2:45 | Queue | Villager (Male) |
| 3:08 | Queue | Villager (Male) |
| 3:26 | Build | Lumber Camp |
| 4:06 | Build | Farm |
| 4:40 | Research | Feudal Age |
| 5:29 | Build | Mill |
| 5:37 | Queue | Villager (Male) |
| 5:39 | Queue | Villager (Male) |
| 6:06 | Build | Mining Camp |
| 6:50 | Age | Feudal Age |
| 6:52 | Research | Horse Collar |
| 6:53 | Research | Double-Bit Axe |
| 7:23 | Queue | Villager (Male) |
| 7:23 | Queue | Villager (Male) |
| 7:40 | Queue | Villager (Male) |
| 8:31 | Queue | Villager (Male) |
| 9:03 | Queue | Villager (Male) |
| 9:13 | Build | Farm |
| 9:15 | Build | Farm |
| 9:16 | Build | Farm |
| 10:17 | Build | Farm |
| 10:18 | Build | Farm |
| 10:20 | Build | Farm |
| 10:21 | Queue | Villager (Male) |
| 10:28 | Build | Farm |
| 10:32 | Build | Farm |
| 10:52 | Queue | Villager (Male) |
| 11:29 | Build | Farm |
| 11:31 | Build | Farm |
| 11:39 | Research | Castle Age |
| 11:39 | Research | Castle Age |
| 13:13 | Queue | Villager (Male) |
| 13:13 | Queue | Villager (Male) |
| 14:19 | Age | Castle Age |
| 14:23 | Build | Town Center |
| 14:29 | Research | Bow Saw |
| 14:33 | Research | Heavy Plow |
| 14:35 | Queue | Villager (Male) |
| 15:08 | Build | Town Center |
| 15:12 | Queue | Villager (Male) |
| 15:13 | Queue | Villager (Male) |
| 15:13 | Queue | Villager (Male) |
| 15:13 | Queue | Villager (Male) |
| 15:13 | Queue | Villager (Male) |
| 15:14 | Queue | Villager (Male) |
| 15:17 | Queue | Villager (Male) |
| 15:18 | Queue | Villager (Male) |
| 15:44 | Build | Mining Camp |
| 16:46 | Queue | Villager (Male) |
| 16:46 | Queue | Villager (Male) |
| 16:46 | Queue | Villager (Male) |
| 17:01 | Queue | Villager (Male) |
| 17:01 | Queue | Villager (Male) |
| 17:02 | Queue | Villager (Male) |
| 17:02 | Queue | Villager (Male) |
| 17:02 | Queue | Villager (Male) |
| 17:02 | Queue | Villager (Male) |
| 17:03 | Queue | Villager (Male) |
| 17:03 | Queue | Villager (Male) |
| 17:04 | Queue | Villager (Male) |
| 17:04 | Queue | Villager (Male) |
| 17:05 | Queue | Villager (Male) |
| 17:06 | Queue | Villager (Male) |
| 17:16 | Queue | Villager (Male) |
| 17:16 | Queue | Villager (Male) |
| 17:16 | Queue | Villager (Male) |
| 17:17 | Queue | Villager (Male) |
| 17:17 | Queue | Villager (Male) |
| 17:17 | Queue | Villager (Male) |
| 17:17 | Queue | Villager (Male) |
| 17:17 | Queue | Villager (Male) |
| 17:18 | Queue | Villager (Male) |
| 17:18 | Queue | Villager (Male) |
| 17:18 | Queue | Villager (Male) |
| 17:18 | Queue | Villager (Male) |
| 17:19 | Queue | Villager (Male) |
| 17:19 | Queue | Villager (Male) |
| 17:19 | Queue | Villager (Male) |
| 17:19 | Queue | Villager (Male) |
| 17:19 | Queue | Villager (Male) |
| 17:20 | Queue | Villager (Male) |
| 17:20 | Queue | Villager (Male) |
| 17:38 | Research | Gold Mining |
| 18:57 | Build | Stable |
| 18:59 | Build | Stable |
| 19:06 | Build | House |
| 19:14 | Build | House |
| 19:15 | Build | House |
| 19:16 | Build | House |
| 19:18 | Build | House |
| 19:19 | Build | House |
| 19:25 | Build | House |
| 19:33 | Queue | Villager (Male) |
| 19:33 | Queue | Villager (Male) |
| 20:41 | Queue | Villager (Male) |
| 20:41 | Queue | Villager (Male) |
| 20:41 | Queue | Villager (Male) |
| 20:41 | Queue | Villager (Male) |
| 20:42 | Queue | Villager (Male) |
| 20:42 | Queue | Villager (Male) |
| 20:42 | Queue | Villager (Male) |
| 20:42 | Queue | Villager (Male) |
| 20:43 | Queue | Villager (Male) |
| 20:43 | Queue | Villager (Male) |
| 20:43 | Queue | Villager (Male) |
| 20:43 | Queue | Villager (Male) |
| 20:43 | Queue | Villager (Male) |
| 20:44 | Queue | Villager (Male) |
| 20:44 | Queue | Villager (Male) |
| 20:44 | Queue | Villager (Male) |
| 20:44 | Queue | Villager (Male) |
| 20:44 | Queue | Villager (Male) |
| 20:45 | Queue | Villager (Male) |
| 20:45 | Queue | Villager (Male) |
| 20:45 | Queue | Villager (Male) |
| 21:17 | Research | Light Cavalry (upgrade) |
| 21:43 | Queue | Ballista Elephant |
| 21:44 | Queue | Ballista Elephant |
| 21:44 | Queue | Ballista Elephant |
| 21:44 | Queue | Ballista Elephant |
| 21:44 | Queue | Ballista Elephant |
| 21:44 | Queue | Ballista Elephant |
| 22:10 | Build | Stone Wall |
| 22:23 | Queue | Ballista Elephant |
| 22:23 | Queue | Ballista Elephant |
| 22:23 | Queue | Ballista Elephant |
| 22:24 | Queue | Ballista Elephant |
| 22:48 | Build | Farm |
| 22:50 | Build | Farm |
| 22:52 | Build | Farm |
| 22:53 | Build | Farm |
| 22:54 | Build | Farm |
| 22:55 | Build | Farm |
| 22:56 | Build | Farm |
| 22:57 | Build | Farm |
| 22:59 | Build | Farm |
| 23:00 | Build | Farm |
| 23:02 | Build | Farm |
| 23:03 | Build | Farm |
| 23:05 | Build | Farm |
| 23:06 | Build | Farm |
Match timeline
| 6:50 | 第四集团军总司令李宗 · age_up feudal |
| 7:13 | GuilleLeopold17 · age_up feudal |
| 7:16 | GuilleLeopold17 · first_building Archery Range |
| 7:37 | vitavidal91 · age_up feudal |
| 8:07 | c190 · age_up feudal |
| 8:11 | R.I.P · age_up feudal |
| 8:13 | 顺风打工人 · age_up feudal |
| 8:30 | felipegarcia92 · age_up feudal |
| 8:36 | felipegarcia92 · first_building Stable |
| 8:39 | c190 · wall_segment Stone Wall x12 |
| 8:44 | c190 · wall_segment Stone Wall x9 |
| 8:47 | c190 · wall_segment Stone Wall x1 |
| 9:10 | vitavidal91 · wall_segment Stone Wall x13 |
| 9:33 | asaenzb16_1 · age_up feudal |
| 9:50 | asaenzb16_1 · first_building Stable |
| 10:18 | 顺风打工人 · first_market_buy 100 food |
| 10:33 | GuilleLeopold17 · wall_segment Stone Wall x8 |
| 10:56 | GuilleLeopold17 · wall_segment Stone Wall x15 |
| 11:39 | GuilleLeopold17 · wall_segment Stone Wall x2 |
| 11:51 | vitavidal91 · wall_segment Stone Wall x16 |
| 11:54 | GuilleLeopold17 · wall_segment Stone Wall x7 |
| 11:58 | GuilleLeopold17 · age_up castle |
| 11:59 | R.I.P · wall_segment Stone Wall x20 |
| 12:27 | GuilleLeopold17 · wall_segment Stone Wall x4 |
| 12:33 | GuilleLeopold17 · wall_segment Stone Wall x1 |
| 12:44 | R.I.P · age_up castle |
| 12:58 | GuilleLeopold17 · first_building Siege Workshop |
| 13:23 | 顺风打工人 · age_up castle |
| 13:32 | felipegarcia92 · wall_segment Stone Wall x6 |
| 13:45 | felipegarcia92 · wall_segment Stone Wall x8 |
| 13:48 | felipegarcia92 · wall_segment Stone Wall x6 |
| 14:02 | vitavidal91 · age_up castle |
| 14:16 | felipegarcia92 · age_up castle |
| 14:19 | 第四集团军总司令李宗 · age_up castle |
| 14:22 | 顺风打工人 · first_building Siege Workshop |
| 14:33 | c190 · wall_segment Stone Wall x7 |
| 14:36 | c190 · wall_segment Stone Wall x8 |
| 14:50 | c190 · age_up castle |
| 16:51 | asaenzb16_1 · age_up castle |
| 17:07 | 顺风打工人 · first_building Barracks |
| 17:54 | R.I.P · first_building Monastery |
| 18:19 | c190 · first_building Monastery |
| 18:32 | GuilleLeopold17 · wall_segment Stone Wall x2 |
| 18:57 | 第四集团军总司令李宗 · first_building Stable |
| 19:13 | asaenzb16_1 · first_building Siege Workshop |
| 19:20 | 顺风打工人 · first_building Monastery |
| 19:25 | GuilleLeopold17 · first_building Monastery |
| 19:39 | vitavidal91 · wall_segment Stone Wall x5 |
| 20:16 | c190 · wall_segment Stone Wall x6 |
| 20:24 | asaenzb16_1 · first_market_sell 100 wood |
| 20:46 | vitavidal91 · first_building Stable |
| 22:10 | 第四集团军总司令李宗 · wall_segment Stone Wall x1 |
| 22:44 | 顺风打工人 · resign |
| 23:12 | asaenzb16_1 · first_market_buy 100 wood |
| 23:18 | felipegarcia92 · first_building Castle |
| 23:38 | felipegarcia92 · wall_segment Stone Wall x1 |
| 24:31 | vitavidal91 · first_building Barracks |
| 24:42 | c190 · first_building Castle |
| 24:57 | R.I.P · first_building Castle |
| 25:10 | c190 · first_building Siege Workshop |
| 25:26 | R.I.P · first_building Barracks |
| 26:52 | R.I.P · age_up imperial |
| 26:54 | R.I.P · first_building Siege Workshop |
| 30:42 | c190 · first_market_buy 100 wood |
| 31:00 | GuilleLeopold17 · first_building Castle |
| 31:58 | felipegarcia92 · age_up imperial |
| 32:06 | felipegarcia92 · wall_segment Stone Wall x1 |
| 33:40 | asaenzb16_1 · first_building Monastery |
| 33:55 | 第四集团军总司令李宗 · age_up imperial |
| 34:06 | R.I.P · first_market_sell 100 wood |
| 34:43 | c190 · age_up imperial |
| 37:51 | GuilleLeopold17 · first_building Stable |
| 38:26 | GuilleLeopold17 · first_market_sell 500 stone |
| 39:02 | c190 · first_market_sell 500 wood |
[ AI ANALYSIS · 1 CREDIT ]
What really happened in this match?
Wolo.gg analyzes every decision: build order, eco, micro, common mistakes by bracket. Personalized analysis on WhatsApp or Discord in 30 seconds.
Civ guide
Dravidians
Perfil
Jugador #1901962